 Dungeon Sprint DCSS version 0.23-a0-171-g5ae17c6 (webtiles) character file.

41 Fang the Skirmisher (level 3, -2/26 HPs)
             Began as a Gargoyle Berserker on Sept 14, 2018.
             Was a Priest of Trog.
             Slain by a sky beast (3 damage)
             ... in the Dungeon (Sprint IX: "|||||||||||||||||||||||||||||").
             The game lasted 00:00:26 (305 turns).

Fang the Skirmisher (Gargoyle Berserker)             Turns: 305, Time: 00:00:27

Health: -2/26      AC:  5    Str: 21    XL:     3   Next: 52%
Magic:  3/3        EV: 12    Int:  7    God:    Trog [***...]
Gold:   0          SH:  0    Dex:  9    Spells: 2/2 levels left

rFire    . . .     SeeInvis .   a - +0 hand axe
rCold    . . .     Gourm    .   (no shield)
rNeg     + . .     Faith    .   b - +0 animal skin
rPois    ∞         Spirit   .   (no helmet)
rElec    +         Reflect  .   (no cloak)
rCorr    .         Harm     .   (no gloves)
MR       .....     NoTele   +   (no boots)
Stlth    +.........             (no amulet)
HPRegen  0.08/turn              (no ring)
MPRegen  0.08/turn              (no ring)

@: berserk cooldown, slowed, very slow
A: negative energy resistance 1, electricity resistance, unbreathing,
petrification resistance, rot immunity, AC +3
a: Berserk, Trog's Hand, Renounce Religion


You were in the Dungeon.
You worshipped Trog.
Trog was most pleased with you.
You were not hungry.

You visited 1 branch

Inventory:

Hand Weapons
 a - a +0 hand axe (weapon)
Armour
 b - a +0 animal skin (worn)
Scrolls
 i - a scroll of blinking
Potions
 d - a potion of curing
 f - a potion of haste
 g - 2 potions of magic
 h - a potion of berserk rage
Comestibles
 c - a ration


   Skills:
 + Level 5.3 Fighting
 + Level 4.8 Axes
 + Level 3.1 Armour
 + Level 2.4 Dodging


You had 2 spell levels left.
You didn't know any spells.
Your spell library was empty.

Dungeon Overview and Level Annotations

Branches:
Dungeon (1/1)

Altars:


Innate Abilities, Weirdness & Mutations

You are resistant to torment.
Your stone body is resilient. (AC +3)
You are immune to poison.
You resist negative energy. (rN+)
You are resistant to electric shocks. (rElec)
You can survive without breathing.
You are immune to petrification.
You are immune to rotting.


Message History

Your skin stops crawling.
You feel less resistant to hostile enchantments.
The sky beast misses you.
The sky beast flickers out of sight!
Deactivating autopickup; reactivate with Ctrl-A.
Something hits you. Something shocks you. You resist.
You closely miss something. Something hits you but does no damage.
You closely miss something. Something hits you.
* * * LOW HITPOINT WARNING * * *
Something shocks you. You resist.
* * * LOW HITPOINT WARNING * * *
Something hits you but does no damage.
You miss something. Something hits you but does no damage.
Something barely misses you.
You barely miss something. Something hits you.
* * * LOW HITPOINT WARNING * * *
Something shocks you. You resist.
* * * LOW HITPOINT WARNING * * *
You closely miss something. Something hits you but does no damage.
Something hits you.
You die... ▓▓▓▓▓▓▓▓▓▓▓▓▓▓▓▓▓▓ ▓<...÷)....@{....+ ▓▓▓▓▓▓▓▓▓▓▓▓▓▓▓▓▓▓

There were no monsters in sight!

Vanquished Creatures
  A jelly (D)
  A worm (D)
  A giant cockroach (D)
  A goblin (D)
  A hobgoblin (D)
  A jackal (D)
  A bat (D)
  A frilled lizard (D)
  A quokka zombie (D)
9 creatures vanquished.

Notes
Turn   | Place    | Note
-------+----------+-------------------------------------------
     0 | D        | Fang the Gargoyle Berserker began the quest for the Orb.
     0 | D        | Reached XP level 1. HP: 14/14 MP: 1/1
    14 | D        | Reached ** piety under Trog
    22 | D        | Reached skill level 4 in Fighting
   262 | D        | Noticed a jelly
   262 | D        | Noticed a sky beast
   265 | D        | Killed a jelly
   265 | D        | Reached skill level 5 in Fighting
   265 | D        | Reached XP level 2. HP: 8/21 MP: 2/2
   265 | D        | Reached XP level 3. HP: 11/26 MP: 3/3
   270 | D        | Reached *** piety under Trog
   280 | D        | HP: 1/26 [sky beast (1)]
   304 | D        | HP: 1/26 [something (2)]
   305 | D        | Slain by a sky beast

Vault maps used:
D:        linesprint

Skill      XL: |  1 |
---------------+----+-----
Axes           | 4 |  4.8
Fighting       | 5 |  5.3
Armour         | 3 |  3.1
Dodging        | 2 |  2.4

Action                   || total
-------------------------++-------
Melee: Hand axe          ||    64
Invok: Berserk           ||     1
       Trog's Hand       ||     1
  Use: Potion            ||     1
Armor: Animal skin       ||    26
Dodge: Dodged            ||    36

Table legend:
 A = Non-vault XP
 B = Vault XP
 C = Vault XP percentage of total XP
 D = Non-vault monster count
 E = Vault monster count
 F = Vault count percentage of total count
                 A         B        C        D         E       F
            +---------+---------+-------+---------+---------+-------
      Total |       0 |      59 | 100.0 |       0 |       9 | 100.0
            +---------+---------+-------+---------+---------+-------
          D |       0 |      59 | 100.0 |       0 |       9 | 100.0
            +---------+---------+-------+---------+---------+-------
